 Dungeon Sprint DCSS version 0.20.1-1-g8b1a95d (webtiles) character file.

12 groucho the Eye of the Storm (level 2, 0/36 HPs)
             Began as a Demonspawn Monk on Nov 19, 2017.
             Was a Priest of Qazlal.
             Slain by a river rat (10 damage)
             ... in the Dungeon (Sprint VII: "The Pits").
             The game lasted 00:01:07 (248 turns).

groucho the Eye of the Storm (Demonspawn Monk)       Turns: 248, Time: 00:01:07

Health: 0/36       AC:  2    Str: 16    XL:     2   Next: 20%
Magic:  2/4        EV: 13    Int: 11    God:    Qazlal [***...]
Gold:   0          SH:  3    Dex: 15    Spells: 1/1 levels left

rFire    + . .     SeeInvis .   a - +2 hand axe
rCold    . . .     Gourm    .   (no shield)
rNeg     . . .     Faith    .   b - +0 robe
rPois    .         Spirit   .   (no helmet)
rElec    .         Reflect  .   (no cloak)
rCorr    .         Harm     .   (no gloves)
MR       .....     NoTele   +   (no boots)
Stlth    ..........             (no amulet)
Regen    0.2/turn               (no ring)
MPRegen  0.1/turn               (no ring)

@: berserking, very quick
A: fire resistance 1
a: Upheaval, Elemental Force, Renounce Religion


You were in the Dungeon.
You worshipped Qazlal.
Qazlal was most pleased with you.
You were not hungry.

You visited 1 branch

Inventory:

Hand Weapons
 a - a +2 hand axe (weapon)
 j - a +2 mace
Missiles
 q - 10 stones (quivered)
Armour
 b - a +0 robe (worn)
Scrolls
 i - a scroll of blinking
 l - 3 scrolls of remove curse
 m - 5 scrolls of amnesia
 n - a scroll of summoning
Potions
 d - a potion of curing
 e - a potion of heal wounds
 f - a potion of haste
 g - 4 potions of magic
 h - 2 potions of berserk rage
 k - 2 potions of invisibility
Comestibles
 c - 8 bread rations
 o - 40 fruits
 p - 7 meat rations


   Skills:
 - Level 3.0 Fighting
 - Level 3.1 Axes
 + Level 2.6 Armour
 - Level 2.6 Dodging
 - Level 1.7 Stealth
 + Level 3.2 Invocations


You had one spell level left.
You didn't know any spells.

Dungeon Overview and Level Annotations

Branches:
Dungeon (1/1)

Altars:
Ashenzari
Cheibriados
Dithmenos
Elyvilon
Fedhas
Gozag
Hepliaklqana
Kikubaaqudgha
Makhleb
Nemelex Xobeh
Okawaru
Qazlal
Ru
Sif Muna
Trog
Uskayaw
Vehumet
Xom
Yredelemnul
Zin
The Shining One
Beogh
Jiyva
Lugonu


Innate Abilities, Weirdness & Mutations

Your flesh is heat resistant. (rF+)


Message History

A red film seems to cover your vision as you go berserk!
You feel yourself moving faster!
You feel mighty! The ufetubus hits you. The ufetubus barely misses you.
You miss the ufetubus.
The ufetubus is heavily wounded.
The ufetubus barely misses you. The ufetubus misses you.
You closely miss the ufetubus.
The ufetubus is heavily wounded.
The ufetubus misses you. The ufetubus hits you.
* * * LOW HITPOINT WARNING * * *
You slash the ufetubus!
You kill the ufetubus!
Qazlal accepts your kill.
You can now give life to nearby clouds.
Your Invocations skill increases to level 3!
You have reached level 2!
Your demonic ancestry asserts itself...
You feel resistant to heat.
Unknown command.
The river rat bites you!
You die...

#_________.#
#__.____...###########
##########'##.........
#.?|.'.))'.##......#..
##########.##.........
#........)†.'.........
#+#####'#####......#..
#..#..#..##.........
#.r@..').#####'#####
##+####+###.......#
#.......# #.......#
#...<...# #.......#
#.......# #.......#
#########


You could see a river rat.

Vanquished Creatures
  An ufetubus (D)
  A leopard gecko (D)
  An orc (D)
  A bat skeleton (D)
  A hobgoblin (D)
5 creatures vanquished.

Notes
Turn   | Place    | Note
-------+----------+-------------------------------------------
     0 | D        | groucho the Demonspawn Monk began the quest for the Orb.
     0 | D        | Reached XP level 1. HP: 18/18 MP: 1/1
    13 | D        | Reached skill level 1 in Armour
    48 | D        | Found a bloodstained altar of Trog.
    48 | D        | Found a deep blue altar of Sif Muna.
    48 | D        | Found a viscous altar of Jiyva.
    48 | D        | Found a hazy altar of Hepliaklqana.
    48 | D        | Found an opulent altar of Gozag.
    49 | D        | Found a glowing golden altar of the Shining One.
    49 | D        | Found a glowing silver altar of Zin.
    49 | D        | Found a basalt altar of Yredelemnul.
    49 | D        | Found a shimmering altar of Xom.
    49 | D        | Found a sacrificial altar of Ru.
    49 | D        | Found a stormy altar of Qazlal.
    49 | D        | Found an iron altar of Okawaru.
    49 | D        | Found a sparkling altar of Nemelex Xobeh.
    49 | D        | Found a burning altar of Makhleb.
    49 | D        | Found a blossoming altar of Fedhas.
    49 | D        | Found a white marble altar of Elyvilon.
    49 | D        | Found a shadowy altar of Dithmenos.
    49 | D        | Found a snail-covered altar of Cheibriados.
    51 | D        | Found a radiant altar of Vehumet.
    51 | D        | Found a corrupted altar of Lugonu.
    51 | D        | Found a roughly hewn altar of Beogh.
    52 | D        | Found a hide-covered altar of Uskayaw.
    52 | D        | Found an ancient bone altar of Kikubaaqudgha.
    52 | D        | Found a shattered altar of Ashenzari.
    56 | D        | Became a worshipper of Qazlal Stormbringer
    56 | D        | Reached * piety under Qazlal
    56 | D        | Reached ** piety under Qazlal
    75 | D        | Reached skill level 1 in Invocations
   247 | D        | Reached *** piety under Qazlal
   247 | D        | Gained mutation: Your flesh is heat resistant. (rF+) [demonic ancestry]
   247 | D        | Reached XP level 2. HP: 10/24 MP: 2/4
   248 | D        | Slain by a river rat

Skill      XL: |  1 |
---------------+----+-----
Axes           | 3 |  3.1
Armour         | 2 |  2.6
Invocations    | 3 |  3.2
Fighting       | |  3.0
Dodging        | |  2.6
Stealth        | |  1.7

Action                   || total
-------------------------++-------
Melee: Hand axe          ||    17
  Use: Potion            ||     1
 Stab: Sleeping          ||     1
Armor: Robe              ||     2
Dodge: Dodged            ||    23
Block: Other             ||     3
